Match 47317697
Unlisted

Match 47317697
End
Vickers Machine Gun Team
Construct Section Command Post
Infantry Section
Infantry Section
Infantry Section
Construct Platoon Command Post
ML 3-inch Mortar Team
ML 3-inch Mortar Team
ML 3-inch Mortar Team
Danppr
User1diego
fil
ZERO.ua
Rodrik
Gutenbb
0
0

Comments sign in to comment!

No comments posted yet!